 Dungeon Crawl Stone Soup version 0.29-a0-872-g797fff5ad1 (webtiles) character file.

Game seed: 3774444202127305719

0 27snakeeyes612 the Gusty (level 1, 0/10 HPs)
             Began as a Deep Elf Air Elementalist on July 18, 2022.
             Slain by a bat (1 damage)
             ... on level 1 of the Dungeon.
             The game lasted 00:00:15 (52 turns).

27snakeeyes612 the Gusty (Deep Elf Air Elementalist)  Turns: 52, Time: 00:00:15

Health: 0/10       AC:  2    Str:  5    XL:     1   Next: 8%
Magic:  2/6        EV: 12    Int: 19    God:
Gold:   0          SH:  0    Dex: 15    Spells: 5/6 levels left

rFire   . . .      SeeInvis .   (no weapon)
rCold   . . .      Faith    .   (no shield)
rNeg    . . .      Spirit   .   a - +0 robe
rPois   .          Reflect  .   (no helmet)
rElec   .          Harm     .   (no cloak)
rCorr   .          Rampage  .   (no gloves)
Will    .....                   (no boots)
Stlth   ++........              (no amulet)
HPRegen 0.03/turn               (no ring)
MPRegen 0.10/turn               (no ring)

@: no status effects
A: no striking features
a: no special abilities


You were on level 1 of the Dungeon.
You visited 1 branch of the dungeon, and saw 1 of its levels.

Inventory:

Armour
 a - a +0 robe (worn)
Potions
 b - a potion of magic


   Skills:
 + Level 2.4 Dodging
 + Level 2.4 Stealth
 + Level 3.0 Spellcasting
 + Level 1.1 Conjurations
 + Level 3.0 Air Magic


You had 5 spell levels left.
You knew the following spells:

 Your Spells              Type           Power      Damage    Failure   Level
a - Shock                 Conj/Air       40%        1d5       7%          1

Your spell library contained the following spells:

 Spells                   Type           Power      Damage    Failure   Level
 Static Discharge         Conj/Air       10%        3-5/arc   10%         2
 Swiftness                Air            14%        N/A       13%         3
 Airstrike                Air            7%         0-3+      41%         4


Dungeon Overview and Level Annotations

Branches:
Dungeon (1/15)

Altars:


Message History

You hit the bat.
The bat is severely wounded.
The bat closely misses you. x2
You hit the kobold.
The kobold is moderately wounded.
The bat closely misses you. The kobold barely misses you.
You hit the kobold.
The kobold is heavily wounded.
The bat completely misses you.
The kobold hits you with a +2 short sword of venom.
Ouch! That really hurt!
You are too injured to fight recklessly!
You are too injured to fight recklessly!
You are too injured to fight recklessly!
You are too injured to fight recklessly!
You are too injured to fight recklessly!
You are too injured to fight recklessly!
You are too injured to fight recklessly!
You are too injured to fight recklessly!
You are too injured to fight recklessly!
You are too injured to fight recklessly!
You are too injured to fight recklessly!
The kobold attacks as you move away! The kobold barely misses you.
The bat hits you but does no damage. The goblin attacks as you move away!
The goblin barely misses you.
Found a golden ring.
The bat barely misses you. The bat attacks as you move away!
The bat misses you.
Found 5 stones.
Found a stone staircase leading down.
The bat hits you. The bat misses you. The bat hits you but does no damage.
The goblin attacks as you move away! The goblin hits you with a +0 dagger.
* * * LOW HITPOINT WARNING * * *
The bat completely misses you. The bat attacks as you move away!
The bat barely misses you. The bat hits you but does no damage.
You see here a ring of see invisible.
The bat hits you but does no damage. The bat closely misses you. x2
The bat hits you.
You die...

######### ######..
##.......#########.......
.#...≈≈≈≈.......@.g.#
....≈≈≈≈.≈..###.b#K=#######
...(≈≈><≈≈.####.###......>.
....≈≈≈≈≈≈......###......(.
###..≈≈≈≈..####.....#.#####
##...........#.#..#.#
#...(..###.......#.#
#...#..# #..####...#
..#...## #..# ##..#


You could see a goblin, a bat and a kobold.

Vanquished Creatures
  A kobold (D:1)
1 creature vanquished.

Notes
Turn   | Place    | Note
-------+----------+-------------------------------------------
     0 | D:1      | 27snakeeyes612 the Deep Elf Air Elementalist began the
                  | quest for the Orb.
     0 | D:1      | Reached XP level 1. HP: 10/10 MP: 6/6
    52 | D:1      | Slain by a bat

Illustrated notes

Levels and vault maps discovered:
D:1:      dpeg_arrival_pits, layout_loops_ring, roderic_nine_men_s_morris

Action                   || total
-------------------------++-------
Melee: Unarmed           ||    12
 Cast: Shock             ||     6
Armor: Robe              ||    13
Dodge: Dodged            ||    25

Table legend: (Time is in decaauts)
 A = Elapsed time spent in this place.
 B = Non-inter-level travel time spent in this place.
 C = Inter-level travel time spent in this place.
 D = Time resting spent in this place.
 E = Time spent auto-exploring this place.
 F = Levels seen in this place.
 G = Mean time per level.
                   A        B        C        D        E       F      G
               +--------+--------+--------+--------+--------+-----+--------+
         Total |     52 |     52 |      0 |      0 |     16 |   1 |   52.0 |
       Dungeon |     52 |     52 |      0 |      0 |     16 |   1 |   52.0 |
               +--------+--------+--------+--------+--------+-----+--------+

Top non-repeatable levels by time:
     D:1: 52 daAuts
